 Dungeon Crawl Stone Soup version 0.29.1-12-g30fa7ad0bf (webtiles) character file.

Game seed: 12137072680265857490

51 ThatPearl the Chopper (level 3, -2/34 HPs)
             Began as a Minotaur Berserker on Jan 9, 2023.
             Was a Follower of Trog.
             Succumbed to Crazy Yiuf's poison
             ... on level 2 of the Dungeon.
             The game lasted 00:02:34 (1313 turns).

ThatPearl the Chopper (Minotaur Berserker)          Turns: 1313, Time: 00:02:35

Health: -2/34      AC:  7    Str: 21    XL:     3   Next: 57%
Magic:  2/2        EV: 10    Int:  4    God:    Trog [*.....]
Gold:   56         SH:  0    Dex: 11    Spells: 2/2 levels left

rFire   . . .      SeeInvis +   a - +0 hand axe
rCold   . . .      Faith    .   (no shield)
rNeg    . . .      Spirit   .   b - +0 scale mail
rPois   .          Reflect  .   (helmet restricted)
rElec   .          Harm     .   (no cloak)
rCorr   .          Rampage  .   (no gloves)
Will    .....                   h - +0 pair of boots
Stlth   ..........              (no amulet)
HPRegen 0.11/turn               g - ring of see invisible
MPRegen 0.08/turn               (no ring)

@: lethally poisoned (-2 -> -14)
A: horns 2, retaliatory headbutt
a: Renounce Religion, Berserk


You were on level 2 of the Dungeon.
You worshipped Trog.
Trog was aware of your devotion.
You visited 1 branch of the dungeon, and saw 2 of its levels.

You collected 56 gold pieces.

Inventory:

Hand Weapons
 a - a +0 hand axe (weapon)
Missiles
 e - 6 boomerangs (quivered)
 f - 4 curare-tipped darts
Armour
 b - a +0 scale mail (worn)
 h - a +0 pair of boots (worn)
Jewellery
 g - a ring of see invisible (left hand)
Scrolls
 c - a scroll of butterflies {unknown}
 d - a scroll of silence {unknown}


   Skills:
 + Level 4.7 Fighting
 + Level 4.7 Axes
 - Level 2.4 Armour
 - Level 2.1 Dodging


You had 2 spell levels left.
You didn't know any spells.
Your spell library was empty.

Dungeon Overview and Level Annotations

Branches:
Dungeon (2/15)

Altars:

Annotations:
D:2 Crazy Yiuf


Innate Abilities, Weirdness & Mutations

You have a pair of horns on your head.
You reflexively headbutt those who attack you in melee.


Message History

The frilled lizard barely misses you. You furiously retaliate!
You headbutt the frilled lizard, but do no damage.
You closely miss the frilled lizard. The frilled lizard barely misses you.
You miss the frilled lizard. Your punch misses the frilled lizard.
You hit the frilled lizard.
You kill the frilled lizard!
Trog accepts your kill.
The frilled lizard bites you but does no damage.
You slash the frilled lizard!
You kill the frilled lizard!
Trog accepts your kill.
No target in view!
You see here a frilled lizard corpse.
There is a stone staircase leading up here.
There is a stone staircase leading up here.
Found a dagger.
No target in view!
You now have 52 gold pieces (gained 9).
Found a trident.
There is a stone staircase leading down here.
You see here a +0 trident.
You now have 56 gold pieces (gained 4).
Found a hammer.
Found a runed translucent door.
Crazy Yiuf shouts!
Crazy Yiuf says, "Pitchfork sow meccalolo!"
Crazy Yiuf laughs, "Citrus head cloud!"
You open the door. You hit Crazy Yiuf but do no damage.
Crazy Yiuf hits you with a +3 quarterstaff of chaos!
Crazy Yiuf freezes you.
You hit Crazy Yiuf but do no damage.
Crazy Yiuf hits you with a +3 quarterstaff of chaos!
You are poisoned.
You closely miss Crazy Yiuf.
You feel very sick.
Crazy Yiuf hits you with a +3 quarterstaff of chaos!
* * * LOW HITPOINT WARNING * * *
You slash Crazy Yiuf!
Crazy Yiuf is moderately wounded.
You die...

...........###....#####.
...........# ##..##
...........# ♣....♣
)........### ♣...♣♣
.........# ♣♣.♣♣
.........# ♣.♣♣
###.###### ♣♣.♣ #.# ♣.♣♣
###.# ♣♣@♣ ....# #g#
.#### ... .# #...# ##
#..)# # #####


You could see Crazy Yiuf.

Vanquished Creatures
  2 adders (D:2)
  A dart slug (D:1)
  6 endoplasms
  2 goblins (D:1)
  3 jackals (D:1)
  3 kobolds
  3 quokkas
  A ball python (D:2)
  2 bats (D:1)
  3 frilled lizards (D:2)
  3 rats (D:2)
29 creatures vanquished.

Notes
Turn   | Place    | Note
-------+----------+-------------------------------------------
     0 | D:1      | ThatPearl the Minotaur Berserker began the quest for the
                  | Orb.
     0 | D:1      | Reached XP level 1. HP: 19/19 MP: 0/0
   304 | D:1      | Reached XP level 2. HP: 26/27 MP: 1/1
  1052 | D:2      | Reached XP level 3. HP: 34/34 MP: 2/2
  1305 | D:2      | Found a runed translucent door.
  1306 | D:2      | Noticed Crazy Yiuf
  1312 | D:2      | HP: 1/34 [Crazy Yiuf/+3 quarterstaff of chaos (12)]
  1313 | D:2      | Succumbed to Crazy Yiuf's poison

Illustrated notes

Levels and vault maps discovered:
D:1:      roderic_octagonal_star, layout_rooms, minmay_misc_feat_more_columns,
          nrook_uturn
D:2:      layout_rooms, uniq_crazy_yiuf_cottage

Skill      XL: |  1 |
---------------+----+-----
Fighting       | 4 |  4.7
Axes           | 4 |  4.7
Armour         | |  2.4
Dodging        | |  2.1

Action                   || total
-------------------------++-------
Melee: Hand axe          ||    76
       Headbutt          ||     7
       Punch             ||     1
Armor: Animal skin       ||     6
       Scale mail        ||    14
       Ring mail         ||     2
Dodge: Dodged            ||    48
